 Dungeon Crawl Stone Soup version 0.28-a0-1510-gd0f6b136d3 (webtiles) character file.

Game seed: 2211893250970600450

920 Crownlay the Carver (level 7, -2/64 HPs)
             Began as a Minotaur Gladiator on Jan 15, 2022.
             Killed by nerve-wracking pain
             ... invoked by Menkaure
              (5 damage)
             ... on level 5 of the Dungeon.
             The game lasted 00:06:43 (5184 turns).

Crownlay the Carver (Minotaur Gladiator)            Turns: 5184, Time: 00:06:43

Health: -2/64      AC:  8    Str: 21    XL:     7   Next: 83%
Magic:  6/6        EV:  8    Int:  5    God:
Gold:   378        SH:  0    Dex: 11    Spells: 6/6 levels left

rFire   . . .      SeeInvis .   o - +2 spear (flame)
rCold   . . .      Faith    .   (no shield)
rNeg    . . .      Spirit   .   l - +0 chain mail
rPois   .          Reflect  .   c - +0 hat
rElec   .          Harm     .   (no cloak)
rCorr   .          Rampage  .   (no gloves)
Will    .....                   (no boots)
Stlth   ..........              (no amulet)
HPRegen 0.20/turn               (no ring)
MPRegen 0.10/turn               (no ring)

@: no status effects
A: horns 2, retaliatory headbutt
a: no special abilities


You were on level 5 of the Dungeon.
You visited 1 branch of the dungeon, and saw 5 of its levels.
You also visited: Sewer.

You collected 378 gold pieces.

Inventory:

Hand Weapons
 i - a +0 long sword
 o - a +2 spear of flaming (weapon)
Missiles
 d - a throwing net (quivered)
Armour
 c - a +0 hat (worn)
 l - a +0 chain mail (worn)
Jewellery
 p - an amulet of magic regeneration
 s - an amulet of faith
Scrolls
 b - 2 scrolls of identify
 e - 2 scrolls of noise
 g - a scroll of enchant armour
 k - a scroll of vulnerability
 q - a scroll of fear
 t - a scroll of fog
Potions
 a - 2 potions of heal wounds
 h - a potion of resistance {unknown}
 j - a potion of curing {unknown}
 m - a potion of might {unknown}
 u - a potion of degeneration {unknown}
 v - a potion of lignification {unknown}


   Skills:
 + Level 6.6 Fighting
 * Level 9.5 Long Blades
 - Level 2.0 Throwing
 - Level 3.2 Dodging


You had 6 spell levels left.
You didn't know any spells.
Your spell library contained the following spells:

 Spells                   Type           Power      Damage    Failure   Level
 Animate Skeleton         Necr           0%         N/A       99%         1
 Apportation              Tloc           0%         N/A       99%         1
 Summon Small Mammal      Summ           0%         N/A       99%         1
 Sublimation of Blood     Necr           0%         N/A       100%        2
 Wereblood                Tmut           0%         N/A       100%        2
 Summon Hydra             Summ           0%         N/A       100%        7


Dungeon Overview and Level Annotations

Branches:
Dungeon (5/15)              Sewer (visited)
 Temple: D:4-7

Altars:

Annotations:
D:4 2 runed translucent doors, sanka's ghost, novice GnCj
D:5 Dowan; Duvessa; Menkaure; Sigmund


Innate Abilities, Weirdness & Mutations

You have a pair of horns on your head.
You reflexively headbutt those who attack you in melee.


Message History

Aim: a jackal (53% to hit)
Okay, then.
Okay, then.
Throw: throwing net
Press: ? - help, Q - select action Shift-Dir - straight line, f - jackal
Aim: a jackal (53% to hit)
Okay, then.
A jackal comes into view.
An iguana comes into view.
Reach: o) +2 spear (flame)
Press: ? - help, Dir - move target, f - jackal
Aim: a jackal (about 42% to evade your +2 spear of flaming)
You reach to attack!
You hit the jackal but do no damage.
A jackal comes into view.
Reach: o) +2 spear (flame)
Press: ? - help, Dir - move target, f/p - jackal
Aim: a jackal (about 42% to evade your +2 spear of flaming)
You barely miss the jackal. You headbutt the jackal.
You kill the jackal!
Blink to where?
Press: ? - help, Dir - move target
As you read the scroll of blinking, it crumbles to dust.
An ogre comes into view. It is wielding a +0 giant club.
Menkaure hits you!
* * * LOW HITPOINT WARNING * * *
Dowan, Brother of Duvessa comes into view.
He is wielding a +5 dagger of holy wrath.
Sigmund the Dreaded comes into view.
He is wielding a +0 scythe.
Menkaure gestures at you while chanting.
Pain shoots through your body!
* * * LOW HITPOINT WARNING * * *
The sentinel's mark upon you fades away.
Dowan casts a spell at Duvessa.
Duvessa seems to speed up.
Found a stone staircase leading down.
The black bear bites you but does no damage.
The black bear claws you but does no damage.
The black bear barely misses you. The jackal closely misses you.
Sigmund laughs darkly.
Menkaure casts a spell at you. Pain shoots through your body!
You die...

.....### #...##
.>.....## #....#####
#####...# ##.......#
# ##..# #..######
##.# #### #)# #)#
#.# ########## #O##
##(@.....># . #..##
##..h....... ..
##..###Mh.######..
#.. ##..O.ehZ## ..#
##..h.....#
#.e######.el.##....#
#.......†@(.## #####
#...##.......#### #
####....†§.#


You could see Duvessa (fast), Sigmund, a black bear, an ogre, Menkaure, Dowan,
an iguana, 3 jackals and a wyvern skeleton (inner flame).

Vanquished Creatures
  3 water moccasins
  2 ogres
  A centaur (D:5)
  2 jellies (D:4)
  2 hounds
  A killer bee zombie (D:3)
  A hound skeleton (D:4)
  7 gnolls
  A river rat (D:3)
  4 adders
  An adder skeleton (D:4)
  A worm (D:2)
  A dart slug (D:4)
  3 orcs
  9 ball pythons
  8 endoplasms
  3 giant cockroaches
  6 goblins
  8 hobgoblins
  10 jackals
  3 quokkas
  7 bats
  4 frilled lizards (D:3)
  A kobold (D:4)
  9 rats
98 creatures vanquished.

Vanquished Creatures (others)
  3 plants (D:1)
3 creatures vanquished.

Grand Total: 101 creatures vanquished

Notes
Turn   | Place    | Note
-------+----------+-------------------------------------------
     0 | D:1      | Crownlay the Minotaur Gladiator began the quest for the
                  | Orb.
     0 | D:1      | Reached XP level 1. HP: 18/18 MP: 0/0
   210 | D:1      | Reached skill level 4 in Long Blades
   320 | D:1      | Reached XP level 2. HP: 25/25 MP: 1/1
   749 | D:1      | Found a faded altar of an unknown god.
   962 | D:2      | Reached XP level 3. HP: 31/31 MP: 2/2
  1988 | D:3      | Found a glowing drain.
  1991 | D:3      | Reached skill level 5 in Long Blades
  2008 | Sewer    | Entered a sewer
  2253 | Sewer    | Noticed a water moccasin
  2264 | Sewer    | Killed a water moccasin
  2265 | Sewer    | Reached skill level 6 in Long Blades
  2265 | Sewer    | Reached XP level 4. HP: 24/40 MP: 3/3
  2265 | Sewer    | Reached XP level 5. HP: 28/46 MP: 4/4
  3051 | D:3      | Reached skill level 7 in Long Blades
  3079 | D:3      | Reached XP level 6. HP: 53/53 MP: 5/5
  3528 | D:4      | Reached skill level 5 in Fighting
  4122 | D:4      | Reached skill level 8 in Long Blades
  4291 | D:4      | Found a large runed translucent door.
  4292 | D:4      | Found a large runed translucent door.
  4293 | D:4      | Noticed sanka's ghost (novice GnCj)
  4344 | D:4      | Noticed a water moccasin
  4350 | D:4      | Killed a water moccasin
  4351 | D:4      | Reached XP level 7. HP: 53/62 MP: 6/6
  4498 | D:5      | Entered Level 5 of the Dungeon
  4547 | D:5      | Reached skill level 9 in Long Blades
  5170 | D:5      | Noticed Menkaure
  5173 | D:5      | Noticed Duvessa
  5180 | D:5      | Noticed Dowan
  5180 | D:5      | Noticed Sigmund
  5180 | D:5      | HP: 2/64 [Menkaure/nerve-wracking pain (2)]
  5184 | D:5      | Killed from afar by Menkaure

Illustrated notes

Levels and vault maps discovered:
D:1:      matt_arrival_spirals, layout_loops_ring,
          hellmonk_ecumenical_altar_inner_sanctum, minmay_misc_feat_iff,
          serial_bayou_pond_a
D:2:      layout_loops_ring
D:3:      kennysheep_six_static_rooms, layout_loops_ring, portal_sewer_entry_b,
          hangedman_decor_slide_cut, minmay_misc_feat_hallway,
          grunt_decor_arrowhead, chequers_serial_rivers_marsh
D:4:      layout_basic, ebering_ghost_disaster_area
D:5:      layout_layer_cave, lemuel_crystal_altar,
          minmay_temple_entry_glassed_door, uniq_duvessa, uniq_menkaure,
          uniq_sigmund

Skill      XL: |  1  2  3  4  5  6  7 |
---------------+----------------------+-----
Long Blades    | 4 6 7 8 9 |  9.5
Fighting       | 3 4 5 6 |  6.6
Throwing       | |  2.0
Dodging        | |  3.2

Action                   |  1- 3 |  4- 6 |  7- 9 || total
-------------------------+-------+-------+-------++-------
Melee: Long sword        |    97 |    10 |       ||   107
       Headbutt          |     8 |    14 |     7 ||    29
       Punch             |     3 |       |       ||     3
       Spear             |       |   116 |    49 ||   165
Throw: Throwing net      |       |       |     6 ||     6
  Use: Scroll            |     4 |     1 |     6 ||    11
 Stab: Distracted        |       |     1 |       ||     1
Armor: Leather armour    |    16 |       |       ||    16
       Chain mail        |    42 |    58 |    17 ||   117
Dodge: Dodged            |    54 |    43 |    21 ||   118

Table legend: (Time is in decaauts)
 A = Elapsed time spent in this place.
 B = Non-inter-level travel time spent in this place.
 C = Inter-level travel time spent in this place.
 D = Time resting spent in this place.
 E = Time spent auto-exploring this place.
 F = Levels seen in this place.
 G = Mean time per level.
                   A        B        C        D        E       F      G
               +--------+--------+--------+--------+--------+-----+--------+
         Total |   5230 |   5160 |     70 |      0 |   4280 |   6 |  871.7 |
       Dungeon |   4797 |   4727 |     70 |      0 |   3898 |   5 |  959.4 |
         Sewer |    433 |    433 |      0 |      0 |    382 |   1 |  433.0 |
               +--------+--------+--------+--------+--------+-----+--------+

Top non-repeatable levels by time:
     D:3: 1221 daAuts
     D:4: 1145 daAuts
     D:2: 952 daAuts
     D:1: 788 daAuts
     D:5: 690 daAuts
   Sewer: 433 daAuts
